 Dungeon Crawl Stone Soup version 0.24.0-13-gcf9b319 (webtiles) character file.

Game seed: 1964358600977079434, levelgen mode: deterministic

91 Fang the Skirmisher (level 4, -5/29 HPs)
             Began as a Gargoyle Berserker on Dec 6, 2019.
             Was a Believer of Trog.
             Slain by a worm (8 damage)
             ... on level 3 of the Dungeon.
             The game lasted 00:01:52 (1373 turns).

Fang the Skirmisher (Gargoyle Berserker)            Turns: 1373, Time: 00:01:53

Health: -5/29      AC:  5    Str: 21    XL:     4   Next: 59%
Magic:  4/4        EV: 12    Int:  8    God:    Trog [**....]
Gold:   142        SH:  0    Dex:  9    Spells: 3/3 levels left

rFire    . . .     SeeInvis .   a - +0 hand axe
rCold    . . .     Gourm    .   (no shield)
rNeg     + . .     Faith    .   b - +0 animal skin
rPois    ∞         Spirit   .   (no helmet)
rElec    +         Reflect  .   (no cloak)
rCorr    .         Harm     .   (no gloves)
MR       +....                  (no boots)
Stlth    +.........             (no amulet)
HPRegen  0.09/turn              i - ring of protection from magic
MPRegen  0.09/turn              (no ring)

@: no status effects
A: negative energy resistance 1, electricity resistance, unbreathing,
petrification resistance, rot immunity, AC +3
a: Berserk, Trog's Hand, Renounce Religion


You were on level 3 of the Dungeon.
You worshipped Trog.
Trog was pleased with you.
You were not hungry.

You visited 1 branch of the dungeon, and saw 3 of its levels.

You collected 142 gold pieces.

Inventory:

Hand Weapons
 a - a +0 hand axe (weapon)
Armour
 b - a +0 animal skin (worn)
Jewellery
 i - a ring of protection from magic (left hand)
Scrolls
 d - 2 scrolls of remove curse {unknown}
 e - a scroll of fog {unknown}
 g - 2 scrolls of teleportation {unknown}
 h - a scroll of identify {unknown}
 k - a scroll of enchant armour {unknown}
 n - a scroll of enchant weapon {unknown}
Potions
 j - 2 potions of agility {unknown}
 l - 2 potions of curing {unknown}
 m - 2 potions of resistance {unknown}
 o - a potion of invisibility {unknown}
 p - a potion of berserk rage {unknown}
Comestibles
 c - 3 rations
 f - 11 chunks of flesh


   Skills:
 + Level 4.0 Fighting
 + Level 3.3 Axes
 + Level 3.1 Armour
 + Level 2.3 Dodging


You had 3 spell levels left.
You didn't know any spells.
Your spell library was empty.

Dungeon Overview and Level Annotations

Branches:
Dungeon (3/15)

Altars:


Innate Abilities, Weirdness & Mutations

You are resistant to torment.
Your stone body is resilient. (AC +3)
You are immune to poison.
You resist negative energy. (rN+)
You are resistant to electric shocks. (rElec)
You can survive without breathing.
You are immune to petrification.
You are immune to rotting.


Message History

You barely miss the worm.
The worm is lightly wounded.
The worm misses you.
You barely miss the worm. The worm barely misses you.
You hit the worm.
The worm is moderately wounded.
Some of the chunks of flesh in your inventory have rotted away.
You hit the worm.
The worm is severely wounded.
The worm barely misses you.
You barely miss the worm.
The worm is severely wounded.
You recover from your berserk rage.
The worm barely misses you.
You hit the worm.
The worm is almost dead.
You barely miss the worm.
The worm is almost dead.
The worm bites you!
You die...

#.........#
#.........#
......... $......
..... # ... # #
##w#### # ..
#.####(@...# # #..
$..........# # #.#
.#.........# # #.#
...###.....# # #.#
## #.))..# # #.#
###).########## #.#
####.##
#.............# #.#
......#
#.#####.##.##.####.#
......# #.
#.##..>......#


You could see a worm.

Vanquished Creatures
  4 adders (D:2)
  2 leopard geckos
  6 orcs (D:3)
  2 giant cockroaches
  7 goblins
  2 hobgoblins
  2 jackals (D:1)
  3 quokkas
  6 bats
  4 frilled lizards
  5 kobolds
  4 rats
47 creatures vanquished.

Notes
Turn   | Place    | Note
-------+----------+-------------------------------------------
     0 | D:1      | Fang the Gargoyle Berserker began the quest for the Orb.
     0 | D:1      | Reached XP level 1. HP: 14/14 MP: 1/1
   186 | D:1      | Reached XP level 2. HP: 14/19 MP: 2/2
   664 | D:2      | Reached XP level 3. HP: 17/23 MP: 3/3
  1110 | D:2      | Reached XP level 4. HP: 28/29 MP: 4/4
  1198 | D:3      | Found a faded altar of an unknown god.
  1286 | D:3      | Reached ** piety under Trog
  1315 | D:3      | Reached skill level 4 in Fighting
  1373 | D:3      | Slain by a worm

Levels and vault maps discovered:
D:1:      doesnt_arrival_eight_statues, layout_basic
D:2:      layout_basic, first_ration
D:3:      layout_loops_ring, chequers_ecumenical_altar_island, uniq_sigmund

Skill      XL: |  1  2  3  4 |
---------------+-------------+-----
Axes           | 3 |  3.3
Dodging        | 2 |  2.3
Armour         | 3 |  3.1
Fighting       | 4 |  4.0

Action                   |  1- 3 |  4- 6 || total
-------------------------+-------+-------++-------
Melee: Hand axe          |   101 |    62 ||   163
Invok: Berserk           |       |     1 ||     1
  Eat: Chunk             |     1 |     2 ||     3
Armor: Animal skin       |    37 |    21 ||    58
Dodge: Dodged            |    71 |    61 ||   132
